 Dungeon Crawl Stone Soup version 0.17.2-1-ge4368a0 (webtiles) character file.

489 rlgrobin the Insei (level 6, 0/51 HPs)
             Began as a Mummy Monk on May 1, 2017.
             Slain by an orc wizard
             ... wielding a +0 dagger
              (4 damage)
             ... on level 3 of the Dungeon.
             The game lasted 00:09:15 (6565 turns).

rlgrobin the Insei (Mummy Monk)                     Turns: 6565, Time: 00:09:15

Health: 0/51       AC:  3    Str: 14    XL:     6   Next: 90%
Magic:  6/6        EV: 14    Int: 10    God:
Gold:   175        SH:  0    Dex: 16    Spells: 0 memorised, 5 levels left

rFire  x . .     SeeInvis .       - Unarmed
rCold  + . .     Clarity  .     (no armour)
rNeg   + + +     SustAt   .     (no shield)
rPois  ∞         Gourm    .     p - +0 helmet
rElec  .         Spirit   .     (no cloak)
rCorr  .         Warding  .     (no gloves)
rMut   .         Stasis   .     m - +1 pair of boots
MR     .....                    (no amulet)
Stlth  ++........               (no ring)
                                (no ring)

@: not resistant to hostile enchantments, unstealthy
A: no food or potions, fire vulnerability, cold resistance 1, negative energy
resistance 3, torment resistance, unbreathing
a: no special abilities


You were on level 3 of the Dungeon.
You were not hungry.

You visited 1 branch of the dungeon, and saw 5 of its levels.

You collected 175 gold pieces.


Innate Abilities, Weirdness & Mutations

You do not eat or drink.
Your flesh is vulnerable to fire.
You are immune to poison.
Your flesh is cold resistant.
You are immune to negative energy.
You are immune to unholy pain and torment.
You can survive without breathing.


   Skills:
 - Level 5.0 Fighting
 - Level 3.8 Dodging
 - Level 1.5 Stealth
 + Level 5.2 Unarmed Combat


You had 5 spell levels left.
You didn't know any spells.

Inventory:

Armour
 g - a +0 buckler
 m - a +1 pair of boots (worn)
 p - a +0 helmet (worn)
Jewellery
 b - an uncursed ring of ice
 h - an uncursed amulet of guardian spirit {unknown}
Scrolls
 a - 2 scrolls of random uselessness {unknown}
 c - 7 scrolls of identify {unknown}
 d - 2 scrolls of magic mapping {unknown}
 e - 2 scrolls of blinking {unknown}
 f - a scroll of remove curse {unknown}
 j - a scroll of fog {unknown}
 k - a scroll of enchant weapon {unknown}
 l - 2 scrolls of noise {unknown}
 n - 2 scrolls of teleportation {unknown}
 o - a scroll of recharging {unknown}

Dungeon Overview and Level Annotations

Branches:
Dungeon (5/15)
 Temple: D:4-7

Altars:
Gozag
Vehumet
Xom
Zin

Annotations:
D:4 exclusion: ogre

...!▒ ▒▒<..▒▒ ▒.▒
!...▒ ▒▒'▒▒ ▒.▒
▒▒▒.▒ ▒.▒ ▒▒▒▒.▒
....▒ ▒.▒ ▒....▒
▒▒▒▒▒ ▒▒.▒▒ ▒.▒▒▒▒
▒ ▒▒▒▒▒...▒▒▒ ▒.▒ ▒
▒.........▒ ▒.▒ ▒
▒.▒▒▒...▒.▒▒▒▒▒▒▒.▒
▒▒▒▒▒.▒
▒▒.▒▒...Mo....▒
......▒
▒.▒▒▒▒▒▒▒▒▒▒▒▒
▒▒▒▒▒▒▒ ▒.▒ ▒.▒ ▒.▒
▒.▒ ▒▒▒ ▒.▒ ..▒ ▒)▒
..▒▒▒▒▒▒▒▒.▒▒▒▒


You could see an orc wizard.


Message History

You take 11 damage, and have 40/51 hp!
MASSIVE DAMAGE!!!!!!
The orc priest mumbles some strange prayers to Beogh against you!
Something smites you!!!
You take 14 damage, and have 26/51 hp!
MASSIVE DAMAGE!!!!!!
The orc priest mumbles some strange prayers to Beogh against you!
Something smites you!!! * * * don't die
* * * The orc wizard hits you but does no damage!
You take 13 damage, and have 13/51 hp!
MASSIVE DAMAGE!!!!!!
The orc wizard mumbles some strange words!
The orc wizard blinks!!!
The orc wizard casts a spell at you!
The magic dart hits you!!! * * * don't die
* * *
There is a stone staircase leading up here!
You take 9 damage, and have 5/51 hp!
The orc wizard hits you with a dagger! * * * don't die
* * * You climb upwards!
There is a stone staircase leading down here!
You take 1 damage, and have 4/51 hp!
You completely miss the orc wizard!
The orc wizard hits you with a dagger! * * * don't die
* * * You pulverise the orc wizard!!!
The orc wizard is heavily wounded!
The orc wizard barely misses you! The orc wizard completely misses you!
You pulverise the orc wizard!
The orc wizard is almost dead!
The orc wizard hits you with a dagger! rip

Action                   |  1- 3 |  4- 6 || total
-------------------------+-------+-------++-------
Melee: Unarmed           |   179 |   267 ||   446
 Stab: Sleeping          |     4 |     7 ||    11

Vault maps used:
D:1:      scummos_arrival_hexagon
D:2:      minitemple
D:3:      eino_tiny_chamber, uniq_robin
D:4:      lemuel_round_altar, first_bread
D:5:      minmay_temple_entry_butterflies, fedhas_altar_fruit_tree,
          uniq_crazy_yiuf_cottage

Notes
Turn   | Place    | Note
--------------------------------------------------------------
     0 | D:1      | rlgrobin the Mummy Monk began the quest for the Orb.
     0 | D:1      | Reached XP level 1. HP: 18/18 MP: 1/1
   462 | D:1      | Reached XP level 2. HP: 16/24 MP: 2/2
  1027 | D:2      | Reached skill level 4 in Unarmed Combat
  1027 | D:2      | Reached XP level 3. HP: 8/29 MP: 3/3
  2470 | D:2      | Found a shimmering altar of Xom.
  2472 | D:2      | Found a glowing silver altar of Zin.
  2473 | D:2      | Found a radiant altar of Vehumet.
  2788 | D:3      | Reached XP level 4. HP: 35/35 MP: 4/4
  3367 | D:3      | Reached skill level 5 in Unarmed Combat
  3516 | D:3      | Noticed Robin
  3654 | D:2      | Killed Robin
  3841 | D:3      | Reached XP level 5. HP: 35/41 MP: 5/5
  4074 | D:4      | Noticed a sky beast
  4098 | D:4      | Reached skill level 4 in Fighting
  4317 | D:4      | Noticed an ogre
  4407 | D:4      | Found an opulent altar of Gozag.
  4794 | D:5      | Entered Level 5 of the Dungeon
  4808 | D:4      | Reached skill level 5 in Fighting
  4808 | D:4      | Reached XP level 6. HP: 35/51 MP: 6/6
  5099 | D:5      | Noticed a centaur
  5642 | D:3      | Reached skill level 3 in Dodging
  5897 | D:4      | Killed a sky beast
  6560 | D:4      | HP: 5/51 [orc wizard/magic dart (9)]
  6565 | D:3      | Slain by an orc wizard

Vanquished Creatures
  A sky beast (D:4)
  A scorpion (D:4)
  An orc wizard (D:4)
  A hound (D:4)
  An orc priest (D:4)
  2 centaur skeletons
  An iguana (D:3)
  Robin (D:2)
  5 adders
  3 gnolls (D:4)
  An ooze (D:3)
  A worm (D:3)
  3 giant geckos
  2 orcs (D:4)
  16 goblins
  10 hobgoblins
  6 jackals
  3 ball pythons
  10 bats
  6 giant cockroaches
  A giant gecko skeleton (D:4)
  3 giant newts
  10 kobolds
  2 quokkas (D:2)
  11 rats
102 creatures vanquished.
